Map: Cuenca selvática

Players

Xandros - Winner!

  • Race: Zerg Zerg
  • Spawn Location: 11:00

IA (Medio) 1

  • Race: Terran Terran
  • Spawn Location: 5:00

VOD

Have the link to the VOD?

Description

Time

  • Played on: Nov. 25, 2015, 4:57 a.m.
  • Length: 12:22
Show
View Real Time Build Order
Export as new Build Order

Xandros Zerg - Winner!

Build Orders: Hatch First, Muta Ling Bane 

Get SALT Encoding   

  12  0:05  Drone  
  13  0:26  Drone  
  14  0:29  Overlord  
  14  0:35  Overlord  
  14  0:47  Drone  
  15  0:57  Drone  
  15  0:59  Hatchery  
  15  1:04  Drone  
  16  1:09  Drone  
  17  1:20  Drone  
  18  1:26  Spawning Pool  
  18  1:30  Drone  
  18  1:41  Drone  
  18  1:44  Extractor  
  19  1:54  Drone  
  19  2:03  Drone  
  20  2:16  Queen  
  20  2:18  Queen  
  20  2:21  Drone  
  25  2:25  Extractor  
  24  2:35  Drone x2  
  26  2:40  Zergling x6  
  29  2:47  Drone  
  30  2:52  Queen  
  32  3:39  Drone x5, Spine Crawler  
  36  3:43  Overlord x2  
  36  3:54  Overlord  
  36  4:03  Drone  
  36  4:04  Drone x3  
  36  4:07  Drone x2  
  42  4:30  Drone  
  42  4:31  Drone x3  
  46  4:57  Baneling Nest  
  45  5:00  Lair, Roach Warren  
  44  5:11  Extractor  
  44  5:13  Extractor, Zergling x4  
  44  5:14  Zergling x10  
  46  5:15  Zergling x4  
  46  5:16  Zergling x4  
  53  5:45  Metabolic Boost  
  53  5:55  Drone x3  
  56  5:57  Overlord  
  56  6:02  Drone x2  
  58  6:21  Overlord x3  
  58  6:22  Overlord  
  58  6:29  Overseer  
  58  6:33  Roach x2  
  58  6:34  Roach x3  
  58  6:39  Roach  
  74  6:40  Roach x3  
  74  6:46  Glial Reconstitution  
  76  6:48  Centrifical Hooks  
  76  6:57  Drone x3  
  79  7:10  Baneling  
  79  7:11  Baneling x4  
  79  7:12  Baneling  
  71  7:50  Roach x4  
  71  7:51  Roach x5  
  89  7:59  Overlord x3  
  89  8:01  Hatchery  
  88  8:10  Drone x3  
  88  8:11  Drone  
  92  8:18  Spire  
  91  8:35  Ravager  
  91  8:36  Evolution Chamber x2, Ravager x3  
  91  8:37  Ravager x2  
  91  8:38  Ravager  
  91  8:39  Ravager  
  91  8:40  Ravager  
  98  9:13  Baneling  
  98  9:14  Baneling x5  
  98  9:16  Zergling x6  
  98  9:17  Zergling x10  
  106  9:30  Roach x3  
  112  9:35  Mutalisk  
  112  9:36  Mutalisk x7  
  102  11:07  Zergling x10  
  102  11:08  Zergling x2  
  101  11:52  Baneling x4  
  101  11:53  Baneling  
Show
View Real Time Build Order
Export as new Build Order

IA (Medio) 1 Terran 

Build Orders:  

Get SALT Encoding   

  12  0:00  SCV  
  13  0:13  SCV  
  14  0:20  Supply Depot  
  14  0:25  SCV  
  15  0:41  SCV  
  16  0:44  Barracks  
  16  0:49  Refinery  
  16  0:53  SCV  
  17  1:05  SCV  
  18  1:17  Supply Depot  
  18  1:30  Marine  
  19  1:33  Barracks, Orbital Command  
  19  1:44  Refinery  
  19  1:49  Barracks Tech Lab  
  19  2:03  Factory  
  19  2:07  Marine  
  20  2:23  Supply Depot  
  20  2:25  Marauder  
  22  2:37  Marine  
  23  2:53  Hellion  
  25  3:03  Supply Depot  
  25  3:07  Marine  
  26  3:13  SCV  
  27  3:22  Marine  
  27  3:25  SCV  
  29  3:31  Engineering Bay  
  29  3:37  SCV, Marine  
  31  3:49  SCV  
  31  3:52  Supply Depot  
  31  3:53  Marauder  
  34  4:01  SCV  
  35  4:08  Hellion  
  37  4:13  SCV  
  38  4:29  Hellion  
  40  4:50  Hellion  
  42  6:53  Barracks Tech Lab  
  42  6:54  Reaper  
  43  6:56  Factory Tech Lab, Factory  
  43  6:57  Missile Turret  
  43  7:00  Supply Depot  
  43  7:01  Missile Turret  
  43  7:09  Command Center, Sensor Tower  
  43  7:11  Marine  
  43  7:12  Armory  
  43  7:15  Starport  
  44  7:20  Barracks  
  42  7:24  Bunker  
  42  7:25  Marine  
  42  7:29  Marine  
  28  7:41  Factory Tech Lab  
  28  7:43  Marine  
  29  7:47  Marine  
  30  7:53  Starport Tech Lab  
  30  8:02  Marauder  
  30  8:05  Marine  
  33  8:08  Barracks Reactor  
  33  8:12  Raven  
  34  8:22  SCV, Marine  
  34  8:25  SCV  
  34  8:26  Marine  
  38  8:34  SCV  
  38  8:35  Missile Turret  
  38  8:36  Missile Turret  
  38  8:37  SCV  
  38  8:39  Refinery  
  38  8:40  Marine  
  41  8:42  Refinery  
  41  8:44  Marauder  
  41  8:46  SCV  
  44  8:49  SCV  
  44  8:52  Marine  
  44  8:55  Raven  
  46  8:57  Bunker  
  46  8:58  SCV  
  46  9:01  SCV, Marauder  
  54  9:10  SCV, Marauder  
  54  9:13  SCV  
  56  9:18  Reaper  
  56  9:23  SCV  
  58  9:25  SCV  
  59  9:35  SCV  
  59  9:37  SCV  
  61  9:47  SCV  
  61  9:50  SCV  
  63  9:55  Marine  
  63  9:59  SCV, Sensor Tower  
  45  10:02  SCV, Viking  
  46  10:09  Supply Depot  
  46  10:10  Hellion  
  46  10:11  SCV  
  46  10:14  SCV  
  46  10:17  Marauder  
  47  10:23  SCV  
  47  10:24  Hellion  
  47  10:26  SCV  
  46  10:32  Viking  
  46  10:35  SCV  
  30  10:44  SCV  
  27  10:55  Marine  
  27  10:57  SCV  
  28  11:01  SCV  
  29  11:09  SCV  
  28  11:13  SCV, Marine  
  30  11:21  SCV  
  31  11:25  SCV  
  31  11:27  Supply Depot  
  31  11:33  Factory  
  31  11:39  Command Center  
Tags
 
Add a new tag
Caveats
  • Supply blocks, unpowered buildings, or Contaminate may cause inaccurate times.
  • Supply counts are checked every 10 seconds.